[ AOE2 MATCH · #506745950 ]
UnrankedPersians vs Franks
Player's team · LOSS
Rival team · WIN
[ REPLAY ANALYSIS · EXTRACTED FROM THE RECORDED GAME ]
Feudal
21:54
Castle
29:36
Imperial
—
| APM avg | 39.8 |
| APM peak | 128 |
| eAPM avg | 24.9 |
| Villagers / military | 79 / 14 |
Focus
⚔️ 31.6% · 🌾 68.4%
Knight ×8 · Camel Scout ×3 · Scout Cavalry ×3
Feudal
9:47
Castle
34:19
Imperial
—
| APM avg | 48.1 |
| APM peak | 84 |
| eAPM avg | 24.5 |
| Villagers / military | 78 / 12 |
Focus
⚔️ 28.1% · 🌾 71.9%
Scout Cavalry ×9 · Knight ×3
Match map
Initial resources + every placement click. Lines = walls · curves = elevation contours. ◆ gold · ⬟ stone · ● berries · ✦ relic · ◌ wall gap
Your base· Open — unwalled flank
Souhaib's base· Open — 4t gap
Smoothed initial terrain · ◌ = detected wall gap · hover for details
Inputs per minute
— [GDL] especialista - - Souhaib
Build order — [GDL] especialista
First 150 of 177 actions detected
| 0:00 | Queue | Villager (Male) |
| 0:00 | Queue | Villager (Male) |
| 0:02 | Build | House |
| 0:04 | Build | House |
| 0:06 | Queue | Villager (Male) |
| 0:06 | Queue | Villager (Male) |
| 0:29 | Queue | Villager (Male) |
| 1:21 | Queue | Villager (Male) |
| 1:42 | Build | Lumber Camp |
| 1:57 | Queue | Villager (Male) |
| 1:57 | Queue | Villager (Male) |
| 1:57 | Queue | Villager (Male) |
| 2:46 | Queue | Villager (Male) |
| 2:46 | Queue | Villager (Male) |
| 2:46 | Queue | Villager (Male) |
| 3:15 | Queue | Villager (Male) |
| 3:15 | Queue | Villager (Male) |
| 3:15 | Queue | Villager (Male) |
| 3:39 | Build | Mill |
| 4:12 | Research | Loom |
| 4:21 | Build | House |
| 4:55 | Queue | Villager (Male) |
| 4:59 | Queue | Villager (Male) |
| 5:20 | Queue | Villager (Male) |
| 5:24 | Queue | Villager (Male) |
| 6:08 | Queue | Villager (Male) |
| 6:31 | Queue | Villager (Male) |
| 6:51 | Build | Town Center |
| 7:49 | Queue | Villager (Male) |
| 7:50 | Queue | Villager (Male) |
| 7:50 | Queue | Villager (Male) |
| 8:32 | Build | House |
| 8:33 | Build | House |
| 8:45 | Queue | Villager (Male) |
| 9:10 | Build | Lumber Camp |
| 9:16 | Queue | Villager (Male) |
| 9:16 | Queue | Villager (Male) |
| 10:15 | Queue | Villager (Male) |
| 10:15 | Queue | Villager (Male) |
| 10:42 | Queue | Villager (Male) |
| 10:57 | Queue | Villager (Male) |
| 11:25 | Queue | Villager (Male) |
| 11:25 | Queue | Villager (Male) |
| 12:02 | Queue | Villager (Male) |
| 12:06 | Build | Farm |
| 12:06 | Build | Farm |
| 12:43 | Build | Town Center |
| 13:23 | Queue | Villager (Male) |
| 13:23 | Queue | Villager (Male) |
| 14:02 | Build | Mining Camp |
| 14:09 | Queue | Villager (Male) |
| 14:10 | Queue | Villager (Male) |
| 14:39 | Build | House |
| 14:50 | Build | House |
| 14:51 | Build | House |
| 15:25 | Queue | Villager (Male) |
| 15:53 | Build | House |
| 15:55 | Queue | Villager (Male) |
| 16:28 | Queue | Villager (Male) |
| 16:29 | Queue | Villager (Male) |
| 16:42 | Build | Farm |
| 16:44 | Build | Farm |
| 17:02 | Queue | Villager (Male) |
| 17:18 | Build | Town Center |
| 18:25 | Build | Farm |
| 18:26 | Build | Farm |
| 18:58 | Build | Farm |
| 18:58 | Build | Farm |
| 18:59 | Build | Farm |
| 18:59 | Build | Farm |
| 19:51 | Research | Feudal Age |
| 19:51 | Research | Feudal Age |
| 21:16 | Build | Barracks |
| 21:46 | Build | Farm |
| 21:46 | Build | Farm |
| 21:46 | Build | Farm |
| 21:47 | Build | Farm |
| 21:47 | Build | Farm |
| 21:54 | Age | Feudal Age |
| 21:55 | Build | Mining Camp |
| 22:05 | Build | Watch Tower |
| 22:10 | Queue | Villager (Male) |
| 22:15 | Build | Farm |
| 22:15 | Build | Farm |
| 22:16 | Build | Farm |
| 22:20 | Queue | Villager (Male) |
| 22:36 | Build | Farm |
| 23:03 | Build | Watch Tower |
| 23:11 | Queue | Villager (Male) |
| 23:11 | Queue | Villager (Male) |
| 23:11 | Queue | Villager (Male) |
| 23:24 | Queue | Villager (Male) |
| 23:31 | Build | Blacksmith |
| 23:56 | Queue | Villager (Male) |
| 24:02 | Build | Farm |
| 24:14 | Build | Farm |
| 24:27 | Build | Farm |
| 24:53 | Build | Farm |
| 25:20 | Queue | Villager (Male) |
| 25:25 | Research | Double-Bit Axe |
| 25:32 | Build | Farm |
| 25:38 | Build | Farm |
| 25:53 | Queue | Villager (Male) |
| 26:11 | Build | Market |
| 26:24 | Queue | Villager (Male) |
| 26:27 | Build | Farm |
| 26:43 | Queue | Villager (Male) |
| 26:56 | Build | Mining Camp |
| 26:57 | Queue | Villager (Male) |
| 27:08 | Research | Castle Age |
| 27:09 | Research | Castle Age |
| 27:43 | Research | Horse Collar |
| 27:47 | Research | Stone Mining |
| 27:47 | Research | Stone Mining |
| 28:30 | Build | House |
| 28:32 | Build | House |
| 28:38 | Build | House |
| 29:26 | Build | Stable |
| 29:35 | Research | Scale Barding Armor |
| 29:36 | Research | Forging |
| 29:36 | Age | Castle Age |
| 29:56 | Build | Lumber Camp |
| 30:24 | Build | Mining Camp |
| 30:37 | Queue | Camel Scout |
| 30:43 | Queue | Villager (Male) |
| 30:44 | Queue | Villager (Male) |
| 30:50 | Queue | Knight |
| 30:50 | Queue | Knight |
| 31:06 | Queue | Villager (Male) |
| 31:16 | Queue | Villager (Male) |
| 31:24 | Build | Town Center |
| 31:30 | Queue | Scout Cavalry |
| 32:00 | Queue | Camel Scout |
| 32:06 | Build | Farm |
| 32:10 | Queue | Villager (Male) |
| 32:10 | Queue | Villager (Male) |
| 32:39 | Queue | Knight |
| 32:39 | Queue | Knight |
| 32:46 | Build | House |
| 32:59 | Queue | Knight |
| 32:59 | Queue | Knight |
| 33:25 | Build | House |
| 33:29 | Build | Farm |
| 33:36 | Build | Farm |
| 33:40 | Queue | Knight |
| 33:40 | Queue | Knight |
| 33:51 | Queue | Villager (Male) |
| 34:00 | Build | House |
| 34:10 | Queue | Villager (Male) |
| 34:21 | Build | Farm |
Build order — Souhaib
First 150 of 185 actions detected
| 0:01 | Queue | Villager (Male) |
| 0:01 | Queue | Villager (Male) |
| 0:01 | Queue | Villager (Male) |
| 0:02 | Build | House |
| 0:03 | Build | House |
| 0:22 | Queue | Villager (Male) |
| 1:28 | Queue | Villager (Male) |
| 1:29 | Queue | Villager (Male) |
| 1:53 | Queue | Villager (Male) |
| 1:53 | Queue | Villager (Male) |
| 2:24 | Queue | Villager (Male) |
| 2:32 | Build | Lumber Camp |
| 3:03 | Queue | Villager (Male) |
| 3:03 | Queue | Villager (Male) |
| 3:03 | Queue | Villager (Male) |
| 3:35 | Build | House |
| 3:47 | Queue | Villager (Male) |
| 3:47 | Queue | Villager (Male) |
| 4:16 | Queue | Villager (Male) |
| 4:17 | Queue | Villager (Male) |
| 4:21 | Build | Mill |
| 4:40 | Queue | Villager (Male) |
| 4:40 | Queue | Villager (Male) |
| 5:11 | Queue | Villager (Male) |
| 5:11 | Queue | Villager (Male) |
| 5:40 | Queue | Villager (Male) |
| 6:40 | Queue | Villager (Male) |
| 6:50 | Research | Loom |
| 7:09 | Queue | Villager (Male) |
| 7:09 | Queue | Villager (Male) |
| 7:10 | Queue | Villager (Male) |
| 7:22 | Queue | Villager (Male) |
| 7:37 | Research | Feudal Age |
| 8:28 | Build | Lumber Camp |
| 9:40 | Queue | Villager (Male) |
| 9:41 | Queue | Villager (Male) |
| 9:45 | Build | House |
| 9:47 | Age | Feudal Age |
| 9:57 | Queue | Villager (Male) |
| 11:05 | Build | Town Center |
| 11:39 | Research | Double-Bit Axe |
| 11:57 | Queue | Villager (Male) |
| 11:58 | Queue | Villager (Male) |
| 12:03 | Build | House |
| 12:32 | Queue | Villager (Male) |
| 13:18 | Queue | Villager (Male) |
| 13:18 | Queue | Villager (Male) |
| 13:19 | Queue | Villager (Male) |
| 13:19 | Queue | Villager (Male) |
| 13:43 | Build | Farm |
| 13:55 | Build | House |
| 14:35 | Build | House |
| 15:06 | Build | Mining Camp |
| 15:32 | Build | Barracks |
| 15:57 | Build | Town Center |
| 16:23 | Build | House |
| 16:37 | Build | Town Center |
| 18:11 | Queue | Villager (Male) |
| 18:11 | Queue | Villager (Male) |
| 18:13 | Build | House |
| 18:19 | Build | Farm |
| 18:30 | Build | House |
| 18:45 | Build | Lumber Camp |
| 18:50 | Queue | Villager (Male) |
| 18:51 | Queue | Villager (Male) |
| 18:52 | Build | House |
| 19:06 | Queue | Villager (Male) |
| 19:06 | Queue | Villager (Male) |
| 19:20 | Build | Watch Tower |
| 19:41 | Build | Farm |
| 19:44 | Queue | Villager (Male) |
| 19:44 | Queue | Villager (Male) |
| 19:55 | Queue | Villager (Male) |
| 19:55 | Queue | Villager (Male) |
| 20:00 | Build | Farm |
| 20:38 | Queue | Villager (Male) |
| 20:39 | Queue | Villager (Male) |
| 20:39 | Queue | Villager (Male) |
| 20:47 | Build | Farm |
| 21:03 | Build | Farm |
| 21:03 | Build | Farm |
| 21:04 | Build | Farm |
| 21:04 | Build | Farm |
| 21:04 | Build | Farm |
| 21:04 | Build | Farm |
| 21:12 | Build | Stable |
| 21:24 | Build | Farm |
| 21:27 | Queue | Villager (Male) |
| 21:27 | Queue | Villager (Male) |
| 21:33 | Build | Farm |
| 21:54 | Build | Farm |
| 21:54 | Build | Farm |
| 21:55 | Build | Farm |
| 21:55 | Build | Farm |
| 21:55 | Build | Farm |
| 21:57 | Queue | Villager (Male) |
| 21:57 | Queue | Villager (Male) |
| 22:17 | Build | Watch Tower |
| 22:30 | Queue | Villager (Male) |
| 22:30 | Queue | Villager (Male) |
| 23:20 | Queue | Villager (Male) |
| 23:20 | Queue | Villager (Male) |
| 23:20 | Queue | Villager (Male) |
| 23:24 | Build | House |
| 23:59 | Queue | Scout Cavalry |
| 23:59 | Queue | Scout Cavalry |
| 24:02 | Build | House |
| 24:15 | Queue | Villager (Male) |
| 24:16 | Queue | Villager (Male) |
| 25:00 | Build | Farm |
| 25:03 | Queue | Scout Cavalry |
| 25:03 | Queue | Scout Cavalry |
| 25:03 | Queue | Scout Cavalry |
| 25:18 | Build | Farm |
| 25:19 | Queue | Scout Cavalry |
| 25:35 | Build | Lumber Camp |
| 25:37 | Queue | Scout Cavalry |
| 25:40 | Build | Blacksmith |
| 26:05 | Queue | Villager (Male) |
| 26:06 | Queue | Villager (Male) |
| 26:06 | Queue | Villager (Male) |
| 26:31 | Research | Scale Barding Armor |
| 26:33 | Build | House |
| 26:48 | Research | Wheelbarrow |
| 27:17 | Research | Scale Barding Armor |
| 27:18 | Build | House |
| 27:23 | Queue | Villager (Male) |
| 27:27 | Build | Farm |
| 27:43 | Build | House |
| 27:44 | Queue | Villager (Male) |
| 27:44 | Queue | Villager (Male) |
| 28:47 | Build | Archery Range |
| 28:52 | Queue | Villager (Male) |
| 28:59 | Build | Watch Tower |
| 29:04 | Build | Watch Tower |
| 29:10 | Queue | Villager (Male) |
| 29:26 | Research | Fletching |
| 29:29 | Queue | Villager (Male) |
| 29:33 | Build | Mining Camp |
| 29:36 | Build | Market |
| 29:47 | Queue | Scout Cavalry |
| 29:47 | Queue | Scout Cavalry |
| 29:51 | Research | Forging |
| 29:51 | Research | Forging |
| 30:11 | Build | House |
| 30:29 | Build | Watch Tower |
| 30:38 | Queue | Villager (Male) |
| 30:55 | Queue | Villager (Male) |
| 31:14 | Build | Palisade Wall |
| 31:19 | Build | Palisade Wall |
Match timeline
| 9:47 | Souhaib · age_up feudal |
| 15:32 | Souhaib · first_building Barracks |
| 21:12 | Souhaib · first_building Stable |
| 21:16 | [GDL] especialista · first_building Barracks |
| 21:54 | [GDL] especialista · age_up feudal |
| 27:03 | [GDL] especialista · first_market_buy 100 food |
| 27:06 | [GDL] especialista · first_market_sell 100 wood |
| 28:47 | Souhaib · first_building Archery Range |
| 29:26 | [GDL] especialista · first_building Stable |
| 29:36 | [GDL] especialista · age_up castle |
| 31:00 | Souhaib · first_market_sell 100 wood |
| 31:04 | Souhaib · first_market_buy 100 food |
| 31:14 | Souhaib · wall_segment Palisade Wall x1 |
| 31:19 | Souhaib · wall_segment Palisade Wall x1 |
| 31:21 | Souhaib · wall_segment Palisade Wall x1 |
| 31:22 | Souhaib · wall_segment Palisade Wall x1 |
| 32:20 | Souhaib · wall_segment Palisade Wall x1 |
| 32:23 | Souhaib · wall_segment Palisade Wall x1 |
| 32:24 | Souhaib · wall_segment Palisade Wall x1 |
| 32:29 | Souhaib · wall_segment Palisade Wall x1 |
| 32:35 | Souhaib · wall_segment Palisade Wall x1 |
| 34:10 | Souhaib · wall_segment Palisade Wall x3 |
| 34:14 | Souhaib · wall_segment Palisade Wall x5 |
| 34:19 | Souhaib · age_up castle |
| 35:02 | Souhaib · first_building Castle |
| 35:09 | Souhaib · wall_segment Palisade Wall x1 |
| 35:12 | Souhaib · wall_segment Palisade Wall x1 |
| 35:15 | [GDL] especialista · first_building Castle |
| 36:47 | Souhaib · first_building Siege Workshop |
| 38:45 | [GDL] especialista · resign |
[ AI ANALYSIS · 1 CREDIT ]
What really happened in this match?
Wolo.gg analyzes every decision: build order, eco, micro, common mistakes by bracket. Personalized analysis on WhatsApp or Discord in 30 seconds.
Civ guide
Persians
Perfil
Jugador #6801445